 Dungeon Crawl Stone Soup version 0.20.1-1-g8b1a95d (webtiles) character file.

3422 letownia2 the Reanimator (level 9, 50/78 HPs)
             Began as a Deep Dwarf Necromancer on Dec 15, 2017.
             Was an Initiate of Gozag.
             Quit the game on level 8 of the Dungeon.
             The game lasted 00:19:48 (6171 turns).

letownia2 the Reanimator (Deep Dwarf Necromancer)   Turns: 6171, Time: 00:19:49

Health: 50/78      AC:  9    Str: 14    XL:     9   Next: 76%
Magic:  16/21      EV: 12    Int: 24    God:    Gozag
Gold:   330        SH:  0    Dex: 17    Spells: 20/24 levels left

rFire    . . .     SeeInvis +   a - +0 dagger
rCold    . . .     Gourm    .   (no shield)
rNeg     . . .     Faith    .   I - +1 leather armour of Zaxzim {rElec Int+7}
rPois    .         Spirit   .   (no helmet)
rElec    +         Reflect  .   (no cloak)
rCorr    .         Harm     .   f - +1 pair of gloves
MR       .....                  H - +2 pair of boots {Fly}
Stlth    ++........             (no amulet)
Regen    0.0/turn               L - ring "Iptoesch" {Dex+4 SInv}
MPRegen  0.2/turn               Q - ring of see invisible

@: vulnerable, flying, non-regenerating
A: damage resistance, heal wounds, sense surroundings 2, no regeneration
a: Heal Wounds, Potion Petition, Call Merchant, Bribe Branch, Renounce Religion,
Stop Flying


You were on level 8 of the Dungeon.
You worshipped Gozag.
Gozag was aware of your devotion.
You were not hungry.

You visited 2 branches of the dungeon, and saw 9 of its levels.

You collected 986 gold pieces.
You paid 656 gold pieces to Gozag.

Inventory:

Hand Weapons
 a - a +0 dagger (weapon)
 d - a +0 shortbow of flaming
 k - a +1 battleaxe
 E - a +1 short sword of draining
 N - a +0 vampiric hand axe
 O - a +0 war axe
Missiles
 j - 112 bolts
 t - 77 arrows
Armour
 f - a +1 pair of gloves (worn)
 o - a +0 ring mail
 H - a +2 pair of boots of flying (worn)
 I - the +1 leather armour of Zaxzim (worn) {rElec Int+7}
   (You found it on level 5 of the Dungeon)

   It affects your intelligence (+7).
   It insulates you from electricity.
 R - a +1 large shield of positive energy
Jewellery
 L - the ring "Iptoesch" (left hand) {Dex+4 SInv}
   (You found it on level 6 of the Dungeon)

   [ring of see invisible]

   It affects your dexterity (+4).
   It lets you see invisible.
 Q - a ring of see invisible (right hand)
Wands
 i - a wand of flame (25/48)
 w - a wand of scattershot (9/9)
 M - a wand of polymorph (9/24)
Scrolls
 e - 7 scrolls of identify
 l - a scroll of magic mapping
 p - a scroll of fog
 s - 2 scrolls of immolation
 u - a scroll of fear
 v - a scroll of remove curse
 A - 2 scrolls of teleportation
Potions
 g - 3 potions of degeneration {unknown}
 h - 8 potions of flight {unknown}
 n - 3 potions of might {unknown}
 q - 2 potions of haste {unknown}
 r - 2 potions of cancellation {unknown}
 z - a potion of lignification {unknown}
 C - 2 potions of invisibility {unknown}
 F - 2 potions of curing {unknown}
 G - a potion of mutation {unknown}
 P - a potion of agility {unknown}
Books
 b - a book of Necromancy

   Spells                             Type                      Level
   a - Pain                           Necromancy                   1
   b - Animate Skeleton               Necromancy                   1
   c - Vampiric Draining              Necromancy                   3
   d - Regeneration                   Charms/Necromancy            3
   e - Animate Dead                   Necromancy                   4
   f - Control Undead                 Necromancy                   4
Comestibles
 c - 4 bread rations
 m - a royal jelly


   Skills:
 + Level 4.2 Fighting
 - Level 2.1 Dodging
 - Level 2.4 Stealth
 - Level 8.0 Spellcasting
 + Level 9.5 Necromancy
 - Level 6.5 Evocations


You had 20 spell levels left.
You knew the following spells:

 Your Spells              Type           Power        Failure   Level  Hunger
a - Pain                  Necr           ####         1%          1    None
v - Vampiric Draining     Necr           ######....   1%          3    None


Dungeon Overview and Level Annotations

Branches:
Dungeon (8/15)             Temple (1/1) D:5
   Lair: D:8-11

Altars:
Ashenzari
Cheibriados
Dithmenos
Elyvilon
Fedhas
Gozag
Hepliaklqana
Makhleb
Nemelex Xobeh
Sif Muna
Vehumet
Xom
Yredelemnul
Zin

Shops:
D:4 *   D:8 [

Annotations:
D:8 Erica


Innate Abilities, Weirdness & Mutations

You are resistant to damage.
You can heal yourself by infusing magical energy.
You passively map the area around you.
You do not regenerate.


Message History

It is a scroll of enchant weapon.
Your battleaxe glows red for a moment.
The crimson imp blinks!
As you read the scroll labeled SENOEL XIX, it crumbles to dust.
It is a scroll of recharging.
Charge which item? (? for menu, Esc to quit)
Your wand of scattershot (4/9) glows for a moment and now has 9 charges.
As you read the scroll labeled ELYSUSH HAEKAWK, it crumbles to dust.
It is a scroll of enchant armour.
Your +0 pair of gloves glows green for a moment.
As you read the scroll labeled ZEYMY SYNEMIUWN, it crumbles to dust.
The dust glows brilliant magenta!
It was a scroll of random uselessness.
As you read the scroll labeled YCHYLE NIBE, it crumbles to dust.
It is a scroll of amnesia.
Forget which spell ([?*] list [ESC] exit)?
Forget which spell ([?*] list [ESC] exit)?
Okay, then.
Unknown command.
Put on which piece of jewellery? (? for menu, Esc to quit)
Okay, then.
Are you sure you want to abandon this character and quit the game? (Confirm with "yes".)

.........# .........#
.........# ........@#
####### *##### ### ####
#...##..###....##.##....
.........+..............*
.........#..............*
.........#......@.......
.........#..............*
...###...####.....#######
...###...####...5.###...#
...........#.......#....#
...........#.......'....#
...........'.......#....#
..###...##.##....####...#
..########.##....####...#


You could see a crimson imp.

Vanquished Creatures
  2 two-headed ogres (D:8)
  A hungry ghost (D:7)
  3 ice beasts
  2 sky beasts
  7 ogres
  A centaur (D:5)
  A bullfrog (D:6)
  A scorpion (D:7)
  3 hounds
  2 jellies
  2 orc priests
  Natasha (thrice) (D:2)
  An iguana (D:8)
  4 orc wizards (D:7)
  5 worker ants
  A hound skeleton (D:4)
  A worker ant zombie (D:5)
  3 gnolls (D:4)
  2 howler monkey skeletons
  9 adders
  An ooze (D:3)
  An adder zombie (D:5)
  An adder skeleton (D:4)
  2 dart slugs
  2 leopard geckos
  12 orcs
  8 giant cockroaches
  4 hobgoblins
  10 kobolds
  5 quokkas
  2 bats
  3 frilled lizards
  8 goblins
  A leopard gecko skeleton (D:4)
  A leopard gecko zombie (D:8)
  2 quokka skeletons (D:5)
  9 rats
126 creatures vanquished.

Notes
Turn   | Place    | Note
-------+----------+-------------------------------------------
     0 | D:1      | letownia2 the Deep Dwarf Necromancer began the quest for the Orb.
     0 | D:1      | Reached XP level 1. HP: 15/15 MP: 3/3
   193 | D:2      | Reached XP level 2. HP: 22/22 MP: 0/5
   471 | D:4      | Reached skill level 5 in Necromancy
   471 | D:4      | Reached XP level 3. HP: 7/28 MP: 0/6
   478 | D:3      | Learned a level 3 spell: Vampiric Draining
   782 | D:4      | Found Tiluangi's Assorted Antiques.
   876 | D:4      | Reached skill level 6 in Necromancy
   876 | D:4      | Reached XP level 4. HP: 21/36 MP: 0/7
  1403 | D:4      | Reached XP level 5. HP: 34/42 MP: 8/8
  1438 | D:4      | Reached skill level 7 in Necromancy
  1753 | D:5      | Entered Level 5 of the Dungeon
  1759 | D:5      | Noticed a sky beast
  1773 | D:5      | Killed a sky beast
  1773 | D:5      | Reached skill level 8 in Necromancy
  1773 | D:5      | Reached XP level 6. HP: 38/49 MP: 0/9
  2132 | D:5      | Found a burning altar of Makhleb.
  2163 | D:5      | Found a staircase to the Ecumenical Temple.
  2175 | Temple   | Entered the Ecumenical Temple
  2188 | Temple   | Became a worshipper of Gozag Ym Sagoz the Greedy
  2873 | D:2      | Noticed Natasha
  2882 | D:2      | Killed Natasha
  3041 | D:2      | Found a faded altar of an unknown god.
  3300 | D:2      | Noticed Natasha
  3308 | D:2      | Killed Natasha
  3308 | D:2      | Reached XP level 7. HP: 30/56 MP: 2/12
  3990 | D:2      | Noticed Natasha
  3993 | D:2      | Killed Natasha
  3993 | D:2      | Reached skill level 1 in Fighting
  4236 | D:5      | Got a polished leather armour
  4249 | D:5      | Identified the cursed +1 leather armour of Zaxzim {rElec Int+7} (You found it on level 5 of the Dungeon)
  4321 | D:6      | Reached skill level 1 in Evocations
  4391 | D:6      | Found a radiant altar of Vehumet.
  4393 | D:6      | Found a shadowy altar of Dithmenos.
  4417 | D:6      | Found a hazy altar of Hepliaklqana.
  4552 | D:6      | Reached skill level 5 in Spellcasting
  4552 | D:6      | Reached XP level 8. HP: 47/64 MP: 0/15
  4554 | D:6      | Got a transparent wooden ring
  4555 | D:6      | Identified the ring "Iptoesch" {Dex+4 SInv} (You found it on level 6 of the Dungeon)
  4607 | D:6      | Found a snail-covered altar of Cheibriados.
  4790 | D:7      | Found a blossoming altar of Fedhas.
  4839 | D:7      | Reached skill level 5 in Evocations
  5766 | D:8      | Noticed a two-headed ogre
  5797 | D:8      | Killed a two-headed ogre
  5797 | D:8      | Gained mutation: You passively map the area around you. [Deep Dwarf growth]
  5797 | D:8      | Reached XP level 9. HP: 46/70 MP: 0/21
  5805 | D:8      | Noticed Erica
  6051 | D:8      | Noticed a two-headed ogre
  6061 | D:8      | Killed a two-headed ogre
  6061 | D:8      | Reached skill level 9 in Necromancy
  6171 | D:8      | Quit the game

Skill      XL: |  1  2  3  4  5  6  7  8  9 |
---------------+----------------------------+-----
Spellcasting   | 2 3 5 8 |  8.0
Necromancy     | 5 6 8 9 |  9.5
Fighting       | 1 4 |  4.2
Evocations     | 4 6 |  6.5
Dodging        | |  2.1
Stealth        | |  2.4

Action                   |  1- 3 |  4- 6 |  7- 9 || total
-------------------------+-------+-------+-------++-------
Melee: Dagger            |     6 |    88 |   123 ||   217
 Cast: Pain              |    22 |    81 |   118 ||   221
       Vampiric Draining |     8 |    14 |    38 ||    60
Invok: Call Merchant     |       |       |     1 ||     1
Evoke: Wand              |       |       |     2 ||     2
  Use: Scroll            |       |       |    14 ||    14
 Stab: Distracted        |       |     1 |       ||     1
       Sleeping          |       |       |     1 ||     1
  Eat: Chunk             |     1 |     5 |       ||     6
       Royal jelly       |       |     2 |       ||     2
       Meat ration       |       |       |     3 ||     3
Armor: Robe              |     3 |       |       ||     3
       Ring mail         |       |    36 |     6 ||    42
       Leather armour    |       |       |   107 ||   107
Dodge: Dodged            |    21 |    72 |   165 ||   258
